 Dungeon Crawl Stone Soup version 0.25.0-11-g1f837a76a1 (webtiles) character file.

Game seed: 18228188204543071672

37 kalagan the Covered (level 3, -8/23 HPs)
             Began as a Gargoyle Fighter on June 27, 2020.
             Mangled by a gnoll
             ... wielding a +0 halberd
              (9 damage)
             ... on level 2 of the Dungeon.
             The game lasted 00:01:40 (988 turns).

kalagan the Covered (Gargoyle Fighter)               Turns: 988, Time: 00:01:41

Health: -8/23      AC: 10    Str: 20    XL:     3   Next: 39%
Magic:  3/3        EV:  7    Int:  8    God:
Gold:   67         SH:  9    Dex:  9    Spells: 2/2 levels left

rFire    x . .     SeeInvis .   a - +0 flail
rCold    + . .     Gourm    .   c - +0 kite shield
rNeg     + . .     Faith    .   b - +0 scale mail
rPois    ∞         Spirit   .   (no helmet)
rElec    +         Reflect  .   (no cloak)
rCorr    .         Harm     .   (no gloves)
MR       .....                  (no boots)
Stlth    ..........             (no amulet)
HPRegen  0.07/turn              g - ring of ice
MPRegen  0.08/turn              (no ring)

@: no status effects
A: negative energy resistance 1, electricity resistance, unbreathing,
petrification resistance, rot immunity, AC +3
a: no special abilities


You were on level 2 of the Dungeon.
You were not hungry.

You visited 1 branch of the dungeon, and saw 2 of its levels.

You collected 67 gold pieces.

Inventory:

Hand Weapons
 a - a +0 flail (weapon)
Armour
 b - a +0 scale mail (worn)
 c - a +0 kite shield (worn)
Jewellery
 g - a ring of ice (left hand)
Scrolls
 e - 2 scrolls of remove curse {unknown}
 h - a scroll of enchant armour {unknown}
 j - a scroll of immolation {unknown}
 k - 3 scrolls of identify {unknown}
 l - a scroll of noise {unknown}
 o - a scroll of blinking {unknown}
Potions
 d - a potion of might
 i - a potion of degeneration {unknown}
 m - 2 potions of lignification {unknown}
 n - a potion of stabbing {unknown}
 p - a potion of brilliance {unknown}
Comestibles
 f - 3 rations
 q - 2 chunks of flesh


   Skills:
 + Level 3.5 Fighting
 * Level 2.4 Maces & Flails
 + Level 0.4 Throwing
 + Level 3.6 Armour
 * Level 1.0 Dodging
 + Level 3.4 Shields


You had 2 spell levels left.
You didn't know any spells.
Your spell library was empty.

Dungeon Overview and Level Annotations

Branches:
Dungeon (2/15)

Altars:


Innate Abilities, Weirdness & Mutations

You are resistant to torment.
Your stone body is resilient. (AC +3)
You are immune to poison.
You resist negative energy. (rN+)
You are resistant to electric shocks. (rElec)
You can survive without breathing.
You are immune to petrification.
You are immune to rotting.


Message History

A gnoll comes into view. It is wielding a +0 halberd.
The gnoll shouts! x2
Found 11 gold pieces.
Found a stone staircase leading down.
You block the worm's attack. The gnoll barely misses you.
Found a whip.
You sock the gnoll!
The gnoll is almost dead.
The gnoll hits you from afar with a +0 halberd!
The worm completely misses you. You block the gnoll's attack.
You sock the gnoll!
You kill the gnoll!
Your Dodging skill increases to level 1!
The gnoll hits you from afar with a +0 halberd.
The gnoll hits you from afar with a +0 halberd!
* * * LOW HITPOINT WARNING * * *
The kobold hits you.
* * * LOW HITPOINT WARNING * * *
You block the worm's attack.
The gnoll hits you from afar with a +0 halberd!
You die...

.. #.. .....##. .......
..... #..).(... .......
..## ##.#####. .......
#.# #.# ##.. .......###.#
#.# #... ...........#
#.###..# ......gg##.####
##.##...#
.......K##....###..##.#..
.....w)K@.......#.###...#
.>....w.###..#....##..#÷#
)......$.................
..(....####.............#
......# #..#............
###### ...##...###..[...
.#...............
#...........#...
..........##...


You could see 2 worms, 2 gnolls and 2 kobolds.

Vanquished Creatures
  A gnoll (D:2)
  A dart slug (D:2)
  A leopard gecko (D:1)
  2 giant cockroaches (D:1)
  A hobgoblin (D:1)
  8 bats
  2 frilled lizards (D:1)
  3 goblins
  6 kobolds
25 creatures vanquished.

Notes
Turn   | Place    | Note
-------+----------+-------------------------------------------
     0 | D:1      | kalagan the Gargoyle Fighter began the quest for the Orb.
     0 | D:1      | Reached XP level 1. HP: 14/14 MP: 1/1
   316 | D:1      | Reached XP level 2. HP: 19/19 MP: 2/2
   955 | D:2      | Reached XP level 3. HP: 23/23 MP: 3/3
   987 | D:2      | Reached skill level 1 in Dodging
   987 | D:2      | HP: 1/23 [kobold (2)]
   988 | D:2      | Mangled by a gnoll

Illustrated notes

Levels and vault maps discovered:
D:1:      dpeg_arrival_rooms_with_view, layout_loops_ring
D:2:      layout_rooms

Skill      XL: |  1  2  3 |
---------------+----------+-----
Dodging        | 1 |  1.0
Fighting       | |  3.5
Maces & Flails | |  2.4
Throwing       | |  0.4
Armour         | |  3.6
Shields        | |  3.4

Action                   || total
-------------------------++-------
Melee: Flail             ||   131
  Eat: Chunk             ||     1
Armor: Scale mail        ||    83
Dodge: Dodged            ||    53
Block: Kite shield       ||    79
